 Dungeon Crawl Stone Soup version 0.24-a0-361-g57161393b2 (webtiles) character file.

Game seed: 1845367550230864046

2203 kaladindcss the Cleaver (level 9, 0/79 HPs)
             Began as a Hill Orc Fighter on May 26, 2019.
             Was an Initiate of Okawaru.
             Slain by a killer bee (4 damage)
             ... on level 7 of the Dungeon.
             The game lasted 00:14:32 (5995 turns).

kaladindcss the Cleaver (Hill Orc Fighter)          Turns: 5995, Time: 00:14:32

Health: 0/79       AC: 13    Str: 27    XL:     9   Next: 34%
Magic:  9/9        EV:  8    Int:  8    God:    Okawaru [......]
Gold:   428        SH: 11    Dex: 16    Spells: 8/8 levels left

rFire    . . .     SeeInvis .   a - +1 war axe
rCold    + + .     Gourm    +   c - +0 shield
rNeg     . . .     Faith    .   y - +4 scale mail "Zale" {rC+ Dex+3}
rPois    .         Spirit   .   (no helmet)
rElec    .         Reflect  .   (no cloak)
rCorr    .         Harm     .   k - +0 pair of gloves
MR       .....                  (no boots)
Stlth    ..........             A - amulet of the gourmand
HPRegen  0.23/turn              n - +3 ring of dexterity
MPRegen  0.11/turn              z - ring of protection from cold

@: mighty, lethally poisoned (0 -> -20)
A: no striking features
a: Renounce Religion


You were on level 7 of the Dungeon.
You worshipped Okawaru.
Okawaru was noncommittal.
You were not hungry.

You visited 2 branches of the dungeon, and saw 8 of its levels.
You also visited: Sewer.

You collected 428 gold pieces.

Inventory:

Hand Weapons
 a - a +1 war axe (weapon)
Armour
 c - a +0 shield (worn)
 k - a +0 pair of gloves (worn)
 y - the +4 scale mail "Zale" (worn) {rC+ Dex+3}
   (You found it on level 4 of the Dungeon)

   It affects your dexterity (+3).
   It protects you from cold.
Jewellery
 n - a +3 ring of dexterity (left hand)
 o - an uncursed ring of wizardry
 z - a ring of protection from cold (right hand)
 A - an amulet of the gourmand (around neck)
 C - an uncursed ring of protection from cold
Wands
 r - a wand of acid (8)
 B - a wand of enslavement (9)
 F - a wand of clouds (7)
Scrolls
 b - 2 scrolls of blinking
 g - a scroll of enchant armour {unknown}
 h - 2 scrolls of random uselessness {unknown}
 i - a scroll of identify
 j - 5 scrolls of remove curse
 t - a scroll of enchant weapon
 u - 5 scrolls of teleportation
 v - 2 scrolls of amnesia {unknown}
 D - a scroll of holy word {unknown}
 E - a scroll of fear {unknown}
Potions
 d - 4 potions of lignification
 l - a potion of agility {unknown}
 m - a potion of heal wounds {unknown}
 p - 2 potions of haste
 q - a potion of magic {unknown}
 s - 2 potions of berserk rage
 x - 2 potions of brilliance
Comestibles
 f - 6 rations


   Skills:
 + Level 7.3 Fighting
 + Level 11.4 Axes
 + Level 6.7 Armour
 - Level 0.1 Dodging
 - Level 5.2 Shields


You had 8 spell levels left.
You didn't know any spells.
Your spell library contained the following spells:

 Spells                   Type           Power        Failure   Level  Hunger
 Cause Fear               Hex            #.........   100%        4    #####..
 Silence                  Hex/Air        #.........   100%        5    ######.
 Yara's Violent Unravell  Hex/Tmut       #.........   100%        5    ######.
 Deflect Missiles         Chrm/Air       #.........   100%        6    #######
 Discord                  Hex            #.........   100%        8    #######


Dungeon Overview and Level Annotations

Branches:
Dungeon (7/15)             Temple (1/1) D:7

Altars:
Cheibriados
Dithmenos
Fedhas
Gozag
Hepliaklqana
Makhleb
Okawaru
Uskayaw
Yredelemnul
Zin
The Shining One

Shops:
D:5 :   D:6 *

Annotations:
D:2 1 runed translucent door, Crazy Yiuf


Message History

The killer bee stings you but does no damage.
The killer bee stings you.
* * * LOW HITPOINT WARNING * * *
You are more poisoned.
The killer bee poisons you! You block the killer bee's attack.
The killer bee closely misses you.
You slash the killer bee!
The killer bee is heavily wounded.
You barely miss the killer bee.
* * * LOW HITPOINT WARNING * * *
You feel sick. The killer bee barely misses you. The killer bee misses you.
The killer bee stings you but does no damage. x2
You closely miss the killer bee.
The killer bee is heavily wounded.
You slash the killer bee!
* * * LOW HITPOINT WARNING * * *
You feel sick. You block the killer bee's attack.
The killer bee stings you but does no damage.
The killer bee stings you.
You die...

....#####..........⌠..>..⌠....
.............#.#..............
......#..##. #.##.###...###...
#.....# #..##..#...#.⌠.#.....
.....## ##..........#...#.....#
#..).# ..#....................#
#...###...........##.###..##...
.........#.........#.........#
............####@y............
..........# ##y####...<.## .##
...†......# #yy##y.....## ..#.
#.......... ###y...y....## #....
##........# #.............# .....
##........#..........y...## .....
..........................##.....
##...............#..####..#......
#...............###.#.##......y.>


You could see 5 killer bees.

Vanquished Creatures
  Grinder (D:4)
  Sigmund (D:4)
  Purgy (Sewer)
  A necrophage (D:6)
  A black bear (D:2)
  A phantom (D:4)
  A centaur (D:6)
  An ogre (D:5)
  A big kobold (D:5)
  4 bullfrogs
  7 killer bees (D:7)
  2 howler monkeys
  2 crimson imps
  2 hounds (D:5)
  A centaur skeleton (D:4)
  Terence (D:2)
  An iguana (D:7)
  2 worker ants
  A hound zombie (D:6)
  A hound skeleton (D:6)
  A howler monkey skeleton (D:5)
  Robin (D:2)
  7 gnolls
  A worker ant zombie (D:6)
  9 adders
  2 oozes
  An adder zombie (D:6)
  4 worms
  8 leopard geckos
  11 orcs
  A ball python (D:2)
  6 giant cockroaches
  4 hobgoblins
  13 jackals
  4 quokkas
  7 bats
  3 frilled lizards
  25 goblins
  13 kobolds
  13 rats
  2 plants (D:5)
169 creatures vanquished.

Notes
Turn   | Place    | Note
-------+----------+-------------------------------------------
     0 | D:1      | kaladindcss the Hill Orc Fighter began the quest for the
                  | Orb.
     0 | D:1      | Reached XP level 1. HP: 19/19 MP: 1/1
   152 | D:1      | Reached XP level 2. HP: 25/27 MP: 2/2
   203 | D:1      | Reached skill level 3 in Axes
   497 | D:1      | Reached XP level 3. HP: 30/33 MP: 3/3
   672 | D:2      | Noticed Terence
   687 | D:2      | Killed Terence
   687 | D:2      | Reached skill level 4 in Axes
   687 | D:2      | Reached XP level 4. HP: 35/40 MP: 4/4
   694 | D:2      | Noticed Robin
   717 | D:2      | Killed Robin
   788 | D:2      | Noticed a black bear
   800 | D:2      | Killed a black bear
   800 | D:2      | Reached skill level 5 in Axes
   800 | D:2      | Reached XP level 5. HP: 32/47 MP: 5/5
  1478 | D:2      | Found a runed translucent door.
  1479 | D:2      | Noticed Crazy Yiuf
  1764 | D:3      | Found a glowing drain.
  1799 | D:3      | Reached XP level 6. HP: 45/53 MP: 6/6
  1918 | Sewer    | Entered a sewer
  2080 | Sewer    | Noticed Purgy
  2111 | Sewer    | Killed Purgy
  2370 | D:3      | Reached skill level 5 in Shields
  2556 | D:3      | Reached skill level 6 in Axes
  2795 | D:4      | Reached XP level 7. HP: 53/60 MP: 7/7
  2858 | D:4      | Got a faintly glowing scale mail
  2869 | D:4      | Identified the +4 scale mail "Zale" {rC+ Dex+3} (You found
                  | it on level 4 of the Dungeon)
  2945 | D:4      | Noticed Grinder
  2947 | D:4      | Paralysed by Grinder for 2 turns
  2977 | D:4      | Paralysed by Grinder for 7 turns
  2991 | D:4      | Killed Grinder
  2991 | D:4      | Reached skill level 5 in Fighting
  2991 | D:4      | Reached skill level 7 in Axes
  2991 | D:4      | Reached skill level 5 in Armour
  3257 | D:4      | Noticed a -3 hand axe
  3257 | D:4      | Noticed a +0 dagger
  3258 | D:4      | Found a hide-covered altar of Uskayaw.
  3562 | D:4      | Reached skill level 8 in Axes
  3674 | D:4      | Noticed Sigmund
  3725 | D:4      | Killed Sigmund
  3725 | D:4      | Reached XP level 8. HP: 67/69 MP: 8/8
  4044 | D:5      | Entered Level 5 of the Dungeon
  4281 | D:5      | Found Oxugur's Book Shoppe.
  4363 | D:5      | Found an opulent altar of Gozag.
  4366 | D:5      | Found a blossoming altar of Fedhas.
  4539 | D:5      | Reached skill level 9 in Axes
  4673 | D:5      | Found a shadowy altar of Dithmenos.
  4676 | D:5      | Found a snail-covered altar of Cheibriados.
  5212 | D:6      | Reached skill level 10 in Axes
  5235 | D:6      | Found Opifeank's General Store.
  5493 | D:6      | Found a snail-covered altar of Cheibriados.
  5565 | D:6      | Reached XP level 9. HP: 75/78 MP: 9/9
  5848 | D:7      | Reached skill level 11 in Axes
  5897 | D:7      | Found a staircase to the Ecumenical Temple.
  5909 | Temple   | Entered the Ecumenical Temple
  5918 | Temple   | Became a worshipper of Warmaster Okawaru
  5995 | D:7      | Slain by a killer bee

Levels and vault maps discovered:
D:1:      lordsloth_arrival_two_stooges, layout_rooms,
          chequers_serial_rivers_micro_e, minmay_pentomino_v2
D:2:      layout_loops_ring, uniq_robin, uniq_crazy_yiuf_cottage, uniq_terence
D:3:      layout_loops_ring, gup_sewer_entry_glass, first_ration,
          hangedman_decor_peaks_small, minmay_randomly_rotated_circles
D:4:      layout_layer_cave, dancing_weapons_uskayaw, uniq_sigmund, uniq_grinder
D:5:      layout_basic, nicolae_overflow_hidden_temple, serial_shops,
          nicolae_shop_waterfront, lexackson_kobold_supper
D:6:      layout_loops_cross, serial_shops, shop, basic_altar
D:7:      layout_cave_pools, minmay_temple_entry_junction_2
Temple:   eino_temple_rhombus

Skill      XL: |  1  2  3  4  5  6  7  8  9 |
---------------+----------------------------+-----
Axes           | 3 4 5 6 8 10 11 | 11.4
Fighting       | 4 5 6 7 |  7.3
Shields        | 4 5 |  5.2
Armour         | 4 5 6 |  6.7
Dodging        | |  0.1

Action                   |  1- 3 |  4- 6 |  7- 9 || total
-------------------------+-------+-------+-------++-------
Melee: War axe           |   125 |   217 |   303 ||   645
  Use: Potion            |       |     1 |     2 ||     3
       Scroll            |       |       |    11 ||    11
  Eat: Ration            |       |     2 |     2 ||     4
       Chunk             |       |     1 |     3 ||     4
Armor: Plate armour      |    86 |   205 |     4 ||   295
       Scale mail        |     1 |       |   128 ||   129
Dodge: Dodged            |    20 |    56 |    89 ||   165
Block: Shield            |    50 |   149 |   171 ||   370

Table legend:
 A = Non-vault XP
 B = Vault XP
 C = Vault XP percentage of total XP
 D = Non-vault monster count
 E = Vault monster count
 F = Vault count percentage of total count
                 A         B        C        D         E       F
            +---------+---------+-------+---------+---------+-------
      Total |    2279 |     869 |  27.6 |     127 |      40 |  24.0
            +---------+---------+-------+---------+---------+-------
        D:1 |      33 |       1 |   2.9 |      23 |       1 |   4.2
        D:2 |     187 |      71 |  27.5 |      21 |      13 |  38.2
        D:3 |      77 |      67 |  46.5 |       9 |      10 |  52.6
        D:4 |     338 |     479 |  58.6 |      22 |       2 |   8.3
        D:5 |     348 |     111 |  24.2 |      21 |       8 |  27.6
        D:6 |     629 |       0 |   0.0 |      18 |       0 |   0.0
        D:7 |     667 |       0 |   0.0 |      13 |       0 |   0.0
      Sewer |       0 |     140 | 100.0 |       0 |       6 | 100.0
            +---------+---------+-------+---------+---------+-------
